 Dungeon Crawl Stone Soup version 0.27-a0-1434-g6f15984 (webtiles) character file.

Game seed: 1792348252549126035

242 Meow the Chiller (level 6, 29/45 HPs)
             Began as a Ghoul Ice Elementalist on July 3, 2021.
             Quit the game on level 6 of the Dungeon.
             The game lasted 00:13:21 (3108 turns).

Meow the Chiller (Ghoul Ice Elementalist)           Turns: 3108, Time: 00:13:22

Health: 29/45      AC:  3    Str: 12    XL:     6   Next: 9%
Magic:  10/10      EV: 12    Int: 12    God:
Gold:   106        SH:  0    Dex:  9    Spells: 5/12 levels left

rFire    . . .     SeeInvis .   a - +0 hunting sling
rCold    + . .     Faith    .   (no shield)
rNeg     + + +     Spirit   .   d - +0 robe
rPois    ∞         Reflect  .   (no helmet)
rElec    .         Harm     .   (no cloak)
rCorr    .         Rampage  .   (no gloves)
Will     .....                  l - +0 pair of boots
Stlth    ++........             (no amulet)
HPRegen  0.00/turn              (no ring)
MPRegen  0.12/turn              (no ring)

@: no status effects
A: claws 1, cold resistance 1, negative energy resistance 3, inhibited
regeneration, torment resistance 2
a: no special abilities


You were on level 6 of the Dungeon.
You visited 1 branch of the dungeon, and saw 5 of its levels.

You collected 106 gold pieces.

Inventory:

Hand Weapons
 a - a +0 hunting sling (weapon)
Missiles
 b - 33 stones (quivered ammo)
 i - 34 bolts
 m - 3 atropa-tipped darts
Armour
 d - a +0 robe (worn)
 l - a +0 pair of boots (worn)
Jewellery
 p - a ring of fire
Scrolls
 h - a scroll of fear {unknown}
 j - a scroll of magic mapping {unknown}
 k - a scroll of amnesia {unknown}
 n - a scroll of teleportation {unknown}
Potions
 c - 2 potions of attraction {unknown}
 e - a potion of berserk rage {unknown}
 f - a potion of degeneration {unknown}
 g - 2 potions of heal wounds {unknown}
 o - a potion of mutation {unknown}
 q - a potion of curing {unknown}


   Skills:
 - Level 1.7 Dodging
 - Level 2.1 Stealth
 + Level 3.8 Spellcasting
 + Level 6.3 Ice Magic


You had 5 spell levels left.
You knew the following spells:

 Your Spells              Type           Power      Damage    Failure   Level
a - Freeze                Ice            68%        1d8       1%          1
e - Ozocubu's Armour      Ice            17%        N/A       4%          3
f - Frozen Ramparts       Ice            34%        1d5       4%          3

Your spell library contained the following spells:

 Spells                   Type           Power      Damage    Failure   Level
 Summon Small Mammal      Summ           8%         N/A       22%         1
 Hailstorm                Conj/Ice       9%         3d4       52%         4
 Call Canine Familiar     Summ           2%         N/A       56%         3
 Dazzling Flash           Conj/Hex       4%         N/A       56%         3
 Summon Guardian Golem    Hex/Summ       2%         N/A       56%         3
 Iskenderun's Mystic Bla  Conj/Tloc      2%         2d3       92%         4
 Summon Lightning Spire   Summ/Air       2%         N/A       92%         4
 Summon Forest            Summ/Tloc      1%         N/A       99%         5
 Eringya's Noxious Bog    Tmut/Pois      1%         N/A       100%        6
 Starburst                Conj/Fire      1%         8x6d3     100%        6
 Summon Hydra             Summ           1%         N/A       100%        7
 Maxwell's Capacitive Co  Air            1%         ∞         100%        8
 Storm Form               Tmut/Air       Unusable   N/A       N/A         7

Dungeon Overview and Level Annotations

Branches:
Dungeon (4/15)
 Temple: D:4-7

Altars:
Ashenzari
Sif Muna
Vehumet
Wu Jian

Shops:
D:1 =

Annotations:
D:4 Grinder


Innate Abilities, Weirdness & Mutations

You thrive by killing the living.
You are immune to poison.
You have sharp fingernails.
Your flesh is cold resistant. (rC+)
You are immune to negative energy. (rN+++)
You do not regenerate when monsters are visible.
You are immune to unholy pain and torment.


Message History

The orc is lightly wounded.
An orc comes into view. It is wielding a +0 club.
Unknown command.
Fire: 35 stones
Press: ? - help, Q - select action, (/) - cycle Shift-Dir - straight line, f/p - orc
Aim: an orc, wielding a +0 club and wearing a +0 leather armour (lightly wounded, 52% to hit)
You shoot a stone.
The stone hits the orc but does no damage.
The orc is lightly wounded.
The orc reads a scroll.
Wisps of shadow swirl around the orc.
An orc wizard comes into view. It is wielding a +0 dagger.
Fire: 34 stones
Press: ? - help, Q - select action, (/) - cycle Shift-Dir - straight line, f/p - orc
Aim: an orc, wielding a +0 club and wearing a +0 leather armour (lightly wounded, 52% to hit)
You shoot a stone. The stone closely misses the orc.
The orc wizard gestures at you while chanting.
The magic dart hits you!
The orc wizard points at you and mumbles some strange words.
You are confused.
Unknown command.
You bump into the crystal wall.
The orc wizard gestures wildly while chanting.
The orc wizard flickers and vanishes!
Deactivating autopickup; reactivate with Ctrl-A.
The orc wizard gestures at you while chanting.
You resist with some effort.
The sky beast flickers out of sight!
A magic dart appears from out of thin air!
The magic dart hits you.
You bump into the crystal wall.
The orc wizard hits you but does no damage.
You feel less confused.
The orc wizard hits you but does no damage.
The orc hits you with a +2 hand axe of flaming.
The orc burns you.
A sky beast appears from thin air!
Reactivating autopickup.
There is an open door here.
The sky beast flickers out of sight!
Deactivating autopickup; reactivate with Ctrl-A.
The orc closely misses you.
Are you sure you want to abandon this character and quit the game? (Confirm with "yes".)

.....# ....### #.....
#.#..##### ###+### #.........
###+###.....#####...#######
#....#.......#............#
#....#.......#............#
#...$+..._..@'............#
#+#....#.......#............#
......o#.......#............#
.......##...o.##............#
.(....o.###'####............#
((.....o.ooo# #............#
..........o.# #............+
(...........# #............#
....#+#######


You could see an orc wizard (summoned) and 3 orcs.

Vanquished Creatures
  2 hounds
  An iguana (D:4)
  A howler monkey zombie (D:6)
  6 adders
  2 gnolls (D:2)
  A dart slug (D:3)
  5 orcs
  4 bats
  11 endoplasms
  2 giant cockroaches
  4 hobgoblins
  5 jackals (D:1)
  A quokka (D:1)
  7 ball pythons
  2 frilled lizards (D:1)
  6 goblins
  3 kobolds
  3 rats
66 creatures vanquished.

Notes
Turn   | Place    | Note
-------+----------+-------------------------------------------
     0 | D:1      | Meow the Ghoul Ice Elementalist began the quest for the
                  | Orb.
     0 | D:1      | Reached XP level 1. HP: 14/14 MP: 2/2
   282 | D:1      | Reached XP level 2. HP: 19/20 MP: 0/4
   491 | D:1      | Found Pimastrua's Jewellery Emporium.
   628 | D:1      | Reached XP level 3. HP: 26/26 MP: 0/5
   632 | D:1      | Learned a level 3 spell: Frozen Ramparts
   807 | D:1      | Found a faded altar of an unknown god.
  1007 | D:2      | Reached skill level 5 in Ice Magic
  1510 | D:2      | Reached XP level 4. HP: 33/33 MP: 3/7
  1887 | D:3      | Reached XP level 5. HP: 33/38 MP: 0/8
  2028 | D:3      | Found a broken altar of Ashenzari.
  2274 | D:3      | Found an ornate altar of the Wu Jian Council.
  2439 | D:3      | Found a shimmering blue altar of Sif Muna.
  2513 | D:3      | Reached skill level 6 in Ice Magic
  2559 | D:3      | Learned a level 3 spell: Ozocubu's Armour
  2746 | D:3      | Noticed an ogre
  2842 | D:4      | Noticed Grinder
  2903 | D:4      | Reached XP level 6. HP: 45/45 MP: 4/10
  3000 | D:4      | You fall into a shaft and drop 2 floors!
  3072 | D:6      | Found a radiant altar of Vehumet.
  3094 | D:6      | Noticed a sky beast
  3108 | D:6      | Quit the game

Illustrated notes

Levels and vault maps discovered:
D:1:      amcnicky_arrival_choice, layout_rooms, basic_ecumenical_altar,
          serial_shops, shop, minmay_misc_feat_five, minmay_misc_feat_enclosed
D:2:      layout_loops_cross, serial_shops, nicolae_shop_stone, basic_altar,
          roderic_serpentine_path
D:3:      layout_basic, lemuel_doored_altar, overflow_temple_1_default,
          nzn_wu_jian_council_hall
D:4:      layout_rooms, kennysheep_mini, minmay_temple_entry_mini_moons,
          uniq_ijyb, uniq_crazy_yiuf_cottage, uniq_grinder
D:6:      layout_basic, nicolae_vehumet_altar_sigil

Skill      XL: |  1  2  3  4  5 |
---------------+----------------+-----
Spellcasting   | 2 3 |  3.8
Ice Magic      | 5 6 |  6.3
Dodging        | |  1.7
Stealth        | |  2.1

Action                   |  1- 3 |  4- 6 || total
-------------------------+-------+-------++-------
Melee: Unarmed           |     4 |       ||     4
 Fire: Hunting sling     |    66 |    82 ||   148
Throw: Stone             |     9 |       ||     9
 Cast: Freeze            |    31 |    33 ||    64
       Frozen Ramparts   |     3 |     8 ||    11
Armor: Robe              |     9 |    13 ||    22
Dodge: Dodged            |    18 |    19 ||    37

Table legend: (Time is in decaauts)
 A = Elapsed time spent in this place.
 B = Non-inter-level travel time spent in this place.
 C = Inter-level travel time spent in this place.
 D = Time resting spent in this place.
 E = Time spent auto-exploring this place.
 F = Levels seen in this place.
 G = Mean time per level.
                   A        B        C        D        E       F      G
               +--------+--------+--------+--------+--------+-----+--------+
         Total |   3140 |   2977 |    163 |    774 |   1448 |   5 |  628.0 |
       Dungeon |   3140 |   2977 |    163 |    774 |   1448 |   5 |  628.0 |
               +--------+--------+--------+--------+--------+-----+--------+

Top non-repeatable levels by time:
     D:1: 1069 daAuts
     D:3: 943 daAuts
     D:2: 819 daAuts
     D:4: 195 daAuts
     D:6: 112 daAuts
